 Dungeon Crawl Stone Soup version 0.29.1-15-g9cfb28693d (webtiles) character file.

Game seed: 3804764083149458645

22684 javelincjr the Nimble (level 13, -8/82 HPs)
             Began as a Djinni Conjurer on Mar 7, 2023.
             Was an Elder of Hepliaklqana.
             Mangled by a minotaur
             ... wielding a staff of conjuration
              (23 damage)
             ... in a Gauntlet on Mar 8, 2023.
             The game lasted 01:10:50 (15290 turns).

javelincjr the Nimble (Djinni Conjurer)            Turns: 15290, Time: 01:10:50

Health: -8/82      AC: 11    Str: 16    XL:     13   Next: 29%
Gold:   745        EV: 21    Int: 27    God:    Hepliaklqana [****..] SH:  6 Dex: 23

rFire   + + .      SeeInvis +   T - +6 morningstar of the Ten Ghosts {drain, rC+ Str+6}
rCold   . . .      Faith    .   Q - +0 buckler {AC+3}
rNeg    . . .      Spirit   .   W - +0 troll leather armour
rPois   ∞          Reflect  .   N - +0 hat {Will+}
rElec   .          Harm     .   i - +2 cloak
rCorr   .          Rampage  .   (no gloves)
Will    +++..      NoTele   +   (boots unavailable)
Stlth   +++++.....              (no amulet)
HPRegen 1.03/turn               c - ring "Tiduary" {Drain rPois Will+ Int+6 Dex+5}
MPRegen 0.00/turn               Z - ring "Lamma" {Dex+6 SInv}

@: flying
A: reduced essence, sickness immunity, fire resistance 2, cold vulnerability 1,
float, innate caster, HP casting, extra vitality 1, mutation resistance 1,
sturdy frame 1
a: Renounce Religion, Recall Ancestor, Ancestor Identity, Transference, Idealise


You were in a Gauntlet.
You worshipped Hepliaklqana.
Hepliaklqana was greatly pleased with you.
You visited 2 branches of the dungeon, and saw 13 of its levels.
You also visited: Gauntlet.

You collected 810 gold pieces.
You spent 65 gold pieces at shops.

Inventory:

Hand Weapons
 d - a +3 dagger of venom
 s - a +0 dagger of chaos
 A - a +2 flail of protection
 C - the +7 flail "Furenan" {venom, Str+7}
   (You found it on level 8 of the Dungeon)

   It poisons the flesh of those it strikes.
   Str:       It affects your strength (+7).
 F - a +2 vampiric battleaxe
 T - the +6 morningstar of the Ten Ghosts (weapon) {drain, rC+ Str+6}
   (You found it on level 10 of the Dungeon)

   A truly terrible weapon, it drains the life of any living foe it strikes.
   Str:       It affects your strength (+6).
   rC:        It protects you from cold.
 X - a +0 triple sword of electrocution
Missiles
 I - a throwing net
Armour
 a - a +0 robe
 h - a +0 helmet
 i - a +2 cloak (worn)
 u - a +2 scale mail of fire resistance
 v - +0 steam dragon scales
 H - a +0 tower shield
 K - a +1 robe of the Archmagi
 M - +0 acid dragon scales
 N - a +0 hat of willpower (worn)
 Q - a +0 buckler of protection (worn)
 V - a +2 buckler
 W - a +0 troll leather armour (worn)
Magical Staves
 e - a staff of fire
 Y - a staff of death
Jewellery
 c - the ring "Tiduary" (left hand) {Drain rPois Will+ Int+6 Dex+5}
   (You acquired it in the Ecumenical Temple)

   [ring of intelligence]

   Int:       It affects your intelligence (+6).
   Dex:       It affects your dexterity (+5).
   rPois:     It protects you from poison.
   Drain:     It drains your maximum health when unequipped.
   Will:      It increases your willpower.
 r - a +4 ring of evasion
 L - a ring of protection from fire
 Z - the ring "Lamma" (right hand) {Dex+6 SInv}
   (You found it in a Gauntlet)

   [ring of dexterity]

   Dex:       It affects your dexterity (+6).
   SInv:      It lets you see invisible.
Wands
 n - a wand of light (14)
 t - a wand of mindburst (12)
 w - a wand of charming (14)
 G - a wand of polymorph (5)
 J - a wand of flame (8)
 S - a wand of digging (6)
Scrolls
 f - 2 scrolls of brand weapon
 k - 4 scrolls of enchant weapon
 l - 2 scrolls of enchant armour
 q - 9 scrolls of teleportation
 y - a scroll of torment
 R - a scroll of butterflies
Potions
 b - 2 potions of heal wounds
 g - 3 potions of brilliance
 j - 2 potions of cancellation
 o - a potion of ambrosia
 p - 5 potions of curing
 x - a potion of resistance
 z - 5 potions of degeneration
 B - a potion of might {unknown}
 D - 3 potions of mutation
 E - 2 potions of flight
 O - 2 potions of haste {unknown}
 P - a potion of invisibility {unknown}
 U - a potion of attraction {unknown}


   Skills:
 * Level 7.7 Fighting
 + Level 5.4 Armour
 - Level 11.8 Dodging
 - Level 10.0 Stealth
 + Level 5.4 Shields
 + Level 9.1 Spellcasting


You couldn't memorise any spells.
You knew the following spells:

 Your Spells              Type           Power      Damage    Failure   Level
a - Magic Dart            Conj           100%       1d8       1%          1
b - Searing Ray           Conj           100%       2d8       1%          2
c - Dazzling Flash        Conj/Hex       100%       N/A       1%          3
d - Fulminant Prism       Conj/Hex       28%        3d14      1%          4
e - Iskenderun's Mystic   Conj/Tloc      57%        2d12      1%          4
f - Foxfire               Conj/Fire      100%       2x1d9     1%          1
g - Static Discharge      Conj/Air       57%        3-11/arc  1%          2
h - Spider Form           Tmut/Pois      57%        N/A       1%          3
i - Vampiric Draining     Necr           57%        2d10      1%          3
j - Summon Ice Beast      Ice/Summ       57%        N/A       1%          4
k - Fireball              Conj/Fire      28%        3d12      4%          5
Your spell library was empty.

Dungeon Overview and Level Annotations

Branches:
Dungeon (12/15)            Temple (1/1) D:5            Lair (0/5) D:9
    Orc (0/2) D:11        Gauntlet (1/1)

Altars:
Ashenzari
Cheibriados
Dithmenos
Elyvilon
Fedhas
Gozag
Hepliaklqana
Makhleb
Nemelex Xobeh
Okawaru
Qazlal
Ru
Trog
Uskayaw
Wu Jian
Xom
Yredelemnul
Zin
The Shining One

Shops:
D:3 ?!

Annotations:
Gauntlet 4 transporters


Innate Abilities, Weirdness & Mutations

Your life essence is reduced to manifest your ancestor. (-10% HP)
You are immune to sickness and miasma.
You are immune to poison.
Your flesh is very heat resistant. (rF++)
You are vulnerable to cold. (rC-)
You float through the air rather than walking.
You learn spells naturally, not from books.
Your magical power is your life essence.
You have superior vitality. (+4 MHP)
You are somewhat resistant to further mutation.
Your movements are slightly less encumbered by armour. (ER -2)


Message History

You erupt in a blast of force!
The mystic blast hits the minotaur but does no damage.
The minotaur is heavily wounded.
Your fulminant prism crackles loudly.
Casting: Iskenderun's Mystic Blast (dangerous; 1% risk of failure)
Confirm with . or Enter, or press ? or * to list all spells.
You erupt in a blast of force!
The mystic blast hits the minotaur!
The minotaur is severely wounded.
The minotaur is knocked back by the mystic blast.
The minotaur slams into the rock wall!
The minotaur is severely wounded.
Your fulminant prism explodes!
Casting: Iskenderun's Mystic Blast (dangerous; 1% risk of failure)
Confirm with . or Enter, or press ? or * to list all spells.
You erupt in a blast of force!
The mystic blast hits the minotaur but does no damage.
The minotaur is severely wounded.
The minotaur hits you with a staff of conjuration!!
The minotaur blasts you. The minotaur gores you!
* * * LOW HITPOINT WARNING * * *
The minotaur throws a silver javelin.
The silver javelin completely misses you.
Casting: Iskenderun's Mystic Blast (dangerous; 1% risk of failure)
Confirm with . or Enter, or press ? or * to list all spells.
A chill wind blows around you.
* * * LOW HITPOINT WARNING * * *
Something hits your ice beast!! Something gores your ice beast!
Your ice beast dies!
Your ice beast disappears in a puff of smoke!
You can't see any enemies this would affect, really read the scroll of poison?
The air fills with toxic fumes!
As you read the scroll of poison, it crumbles to dust.
Casting: Summon Ice Beast (dangerous; 1% risk of failure)
Confirm with . or Enter, or press ? or * to list all spells.
You erupt in a blast of force!
The mystic blast hits the minotaur but does no damage.
The minotaur is severely wounded.
* * * LOW HITPOINT WARNING * * *
The minotaur hits you with a staff of conjuration!!
You die...

######...#...#8..©#.
#.§§##...#.8.#©...#.
#.#§##.8.#.⌠.#8..©#. #
#.#§§..©.#.8.####### ##'
#.#§##.8§#...#...©.. #.⌠.
#.§§##.§§#...#..####
#...∩##.#§##§8§#.8.#.#...#
+⌠....H.#§§§§§§#.∩.#.#.©.#
#..⌠.##.#@##.8.#.8.#.#..†#
### #§H§##.©.#...#.####.
#§#§##.8.#...#......
#§#§§..©.#.8.#######
#.#§##.8.#.⌠.#8..©#.
#.§§##...#.8.#©...#.
######...#...#8..©#.
#≈≈≈#...#######
##≈###..#...©.#


You could see a minotaur.

Vanquished Creatures
  A dire elephant (Gauntlet)
  4 two-headed ogres
  2 death scarabs (Gauntlet)
  An ugly thing (D:12)
  An elephant (Gauntlet)
  A gargoyle (D:11)
  Psyche (D:8)
  A kobold demonologist (D:12)
  4 trolls
  Sigmund (D:4)
  A wraith (D:10)
  2 wyverns
  2 yaks
  A basilisk (D:12)
  3 chaos spawn (Gauntlet)
  2 spectral komodo dragons (Gauntlet)
  A vampire mosquito (D:11)
  A neqoxec (Gauntlet)
  2 steam dragons
  An acid dragon (D:9)
  A hell hound (Gauntlet)
  2 water moccasins
  An orc warrior (D:10)
  A sky beast (D:7)
  2 black bears
  An ice beast (D:6)
  A wolf (D:9)
  An ogre (D:6)
  3 boggarts (Gauntlet)
  A centaur (D:8)
  3 phantoms (D:4)
  A kobold brigand (D:9)
  2 bullfrogs
  A gnoll sergeant (D:11)
  2 scorpions
  A necrophage (D:6)
  2 wights
  3 howler monkeys
  4 crimson imps (D:3)
  4 hounds
  A bullfrog skeleton (D:4)
  2 jellies
  3 gnoll boudas
  2 orc priests (D:3)
  7 orc wizards
  2 hound zombies (D:4)
  4 hound skeletons (D:4)
  29 gnolls
  7 adders
  A shadow imp (D:5)
  A white imp (D:6)
  4 ufetubi
  An adder skeleton (D:4)
  2 worms
  4 dart slugs
  18 orcs
  8 ball pythons
  5 endoplasms
  2 giant cockroaches
  7 hobgoblins
  8 jackals
  4 quokkas
  5 bats
  5 frilled lizards
  6 goblins
  11 kobolds
  4 rats
  4 foxfires
  2 fulminant prisms
229 creatures vanquished.

Vanquished Creatures (collateral kills)
  Rupert (D:12)
  Gastronok (D:9)
  A fire dragon (D:9)
  Harold (D:9)
  A boulder beetle (D:11)
  A two-headed ogre (D:9)
  Erica (D:9)
  A spectral hydra (Gauntlet)
  A worldbinder (Gauntlet)
  An elephant (Gauntlet)
  An unseen horror (D:10)
  An efreet (Gauntlet)
  3 trolls
  6 yaks (D:10)
  A fire elemental (Gauntlet)
  Grum (D:9)
  A vampire mosquito (D:11)
  2 acid dragons
  A hell hound (Gauntlet)
  3 wolves (D:9)
  2 centaurs (D:9)
  A kobold brigand (D:9)
  2 gnoll sergeants
  A wight (D:9)
  A howler monkey (D:9)
  A hound (D:7)
  3 orc priests (D:8)
  An iguana (D:6)
  4 orc wizards
  5 gnolls
  2 orcs
  3 kobolds (D:9)
  6 foxfires (D:4)
62 creatures vanquished.

Vanquished Creatures (others)
  10 battlemagi
  994 foxfires
  52 fulminant prisms
  6 plants (D:1)
  6 withered plants (D:4)
1068 creatures vanquished.

Grand Total: 1359 creatures vanquished

Notes
Turn   | Place    | Note
-------+----------+-------------------------------------------
     0 | D:1      | javelincjr the Djinni Conjurer began the quest for the Orb.
     0 | D:1      | javelincjr set off with the following spells memorised:
                  | Magic Dart, Searing Ray, Dazzling Flash, Fulminant Prism,
                  | Iskenderun's Mystic Blast.
     0 | D:1      | Reached XP level 1. HP: 15/15 MP: 0/0
   262 | D:1      | Reached XP level 2. HP: 8/21 MP: 0/0
  1323 | D:1      | Reached XP level 3. HP: 24/25 MP: 0/0
  1323 | D:1      | Learned a level 1 spell: Foxfire
  1576 | D:2      | Found a faded altar of an unknown god.
  1743 | D:2      | Reached skill level 3 in Dodging
  2108 | D:2      | Reached XP level 4. HP: 24/31 MP: 0/0
  2684 | D:3      | Reached XP level 5. HP: 32/35 MP: 0/0
  2684 | D:3      | Learned a level 2 spell: Static Discharge
  3203 | D:3      | Found Oppi Qaan's Distillery.
  3210 | D:3      | Bought a potion of heal wounds for 65 gold pieces
  3223 | D:3      | Found a shimmering altar of Xom.
  3233 | D:3      | Reached skill level 4 in Dodging
  3233 | D:3      | Reached XP level 6. HP: 33/40 MP: 0/0
  3717 | D:3      | Found Cane Deino's Magic Scroll Shop.
  4260 | D:4      | Reached XP level 7. HP: 38/45 MP: 0/0
  4260 | D:4      | Learned a level 3 spell: Spider Form
  4431 | D:4      | Reached skill level 5 in Dodging
  4844 | D:4      | Noticed Sigmund
  4852 | D:4      | Killed Sigmund
  4853 | D:4      | Reached XP level 8. HP: 44/50 MP: 0/0
  4911 | D:4      | Reached skill level 5 in Spellcasting
  5138 | D:4      | Reached skill level 6 in Dodging
  5478 | D:4      | Reached skill level 5 in Stealth
  5738 | D:5      | Entered Level 5 of the Dungeon
  6745 | D:5      | Found a staircase to the Ecumenical Temple.
  6754 | Temple   | Entered the Ecumenical Temple
  6769 | Temple   | Became a worshipper of Hepliaklqana the Forgotten
  6775 | Temple   | Identified a scroll of acquirement
  6778 | Temple   | Acquired the ring "Tiduary" {Drain rPois Will+ Int+6 Dex+5}
  7315 | D:6      | Reached XP level 9. HP: 53/55 MP: 0/0
  7315 | D:6      | Learned a level 3 spell: Vampiric Draining
  7375 | D:6      | Reached skill level 7 in Dodging
  7778 | D:6      | Reached * piety under Hepliaklqana
  8843 | D:7      | Reached skill level 8 in Dodging
  9484 | D:7      | Reached ** piety under Hepliaklqana
  9485 | D:7      | Remembered your ancestor Edmée as a battlemage
  9605 | D:8      | Found a stormy altar of Qazlal.
  9614 | D:8      | Reached XP level 10. HP: 21/54 MP: 0/0
 10076 | D:8      | Identified the +7 flail "Furenan" {venom, Str+7}
 10132 | D:8      | Noticed Psyche
 10144 | D:8      | Killed Psyche
 10145 | D:8      | Reached skill level 9 in Dodging
 10447 | D:8      | Found a broken altar of Ashenzari.
 10525 | D:8      | Found an ornate altar of the Wu Jian Council.
 10583 | D:8      | Found a blossoming altar of Fedhas.
 10808 | D:9      | Noticed a two-headed ogre
 10813 | D:9      | Killed a two-headed ogre
 10824 | D:9      | Noticed Erica
 10825 | D:9      | Noticed a two-headed ogre
 10934 | D:9      | Noticed a fire dragon
 11206 | D:9      | Killed a fire dragon
 11207 | D:9      | Reached skill level 10 in Dodging
 11441 | D:9      | Noticed Harold
 11666 | D:9      | Killed Harold
 11667 | D:9      | Reached XP level 11. HP: 45/58 MP: 0/0
 11667 | D:9      | Learned a level 4 spell: Summon Ice Beast
 11955 | D:9      | Killed a two-headed ogre
 11956 | D:9      | Reached skill level 1 in Fighting
 11956 | D:9      | Reached skill level 1 in Armour
 11956 | D:9      | Reached skill level 1 in Shields
 12114 | D:9      | Killed Erica
 12226 | D:9      | Noticed a two-headed ogre
 12233 | D:9      | Killed a two-headed ogre
 12345 | D:9      | Noticed Gastronok
 12357 | D:9      | Killed Gastronok
 12425 | D:9      | Found a staircase to the Lair.
 12565 | D:9      | Noticed Grum
 12572 | D:9      | Killed Grum
 12778 | D:10     | Entered Level 10 of the Dungeon
 12790 | D:10     | Reached *** piety under Hepliaklqana
 12814 | D:10     | Noticed a two-headed ogre
 12822 | D:10     | Killed a two-headed ogre
 12921 | D:10     | Reached skill level 11 in Dodging
 12921 | D:10     | Reached XP level 12. HP: 63/71 MP: 0/0
 13368 | D:10     | Reached skill level 5 in Fighting
 13385 | D:10     | Identified the +6 morningstar of the Ten Ghosts {drain, rC+
                  | Str+6}
 13666 | D:11     | Noticed a two-headed ogre
 13673 | D:11     | Killed a two-headed ogre
 13841 | D:11     | Found a staircase to the Orcish Mines.
 14120 | D:11     | Reached **** piety under Hepliaklqana
 14124 | D:11     | Gained mutation: Your movements are slightly less
                  | encumbered by armour. (ER -2) [potion of mutation]
 14124 | D:11     | Gained mutation: You are somewhat resistant to further
                  | mutation. [potion of mutation]
 14246 | D:11     | Noticed a boulder beetle
 14264 | D:11     | Killed a boulder beetle
 14640 | D:12     | Noticed Rupert
 14667 | D:12     | Killed Rupert
 14670 | D:12     | HP: 1/75 [troll (11)]
 14895 | D:12     | Found a gate leading to a gauntlet.
 14902 | Gauntlet | Entered a Gauntlet
 14902 | Gauntlet | Found a transporter.
 14910 | Gauntlet | Found a transporter.
 14911 | Gauntlet | Found a transporter.
 14919 | Gauntlet | Found a transporter.
 14923 | Gauntlet | Found a transporter.
 14929 | Gauntlet | Noticed a death scarab
 14934 | Gauntlet | Found a transporter.
 14935 | Gauntlet | Found a transporter.
 14937 | Gauntlet | Noticed a death scarab
 14943 | Gauntlet | Found a transporter.
 14947 | Gauntlet | Found a transporter.
 14950 | Gauntlet | Noticed a dire elephant
 14955 | Gauntlet | Found a transporter.
 14978 | Gauntlet | Found a transporter.
 14990 | Gauntlet | Found a transporter.
 15002 | Gauntlet | Found a transporter.
 15014 | Gauntlet | Found a transporter.
 15098 | Gauntlet | Reached XP level 13. HP: 70/80 MP: 0/0
 15098 | Gauntlet | Learned a level 5 spell: Fireball
 15101 | Gauntlet | Reached skill level 5 in Armour
 15105 | Gauntlet | Reached skill level 5 in Shields
 15148 | Gauntlet | Identified the ring "Lamma" {Dex+6 SInv}
 15187 | Gauntlet | Reached skill level 10 in Stealth
 15210 | Gauntlet | Killed a dire elephant
 15271 | Gauntlet | Noticed a minotaur
 15290 | Gauntlet | Mangled by a minotaur

Illustrated notes

Levels and vault maps discovered:
D:1:      sevenhm_arrival_forest_fort_large_4, layout_basic, bh_walls_and_bars
D:2:      layout_basic, ebering_ecumenical_altar_mist
D:3:      layout_loops_ring, nicolae_vehumet_altar_sigil, led_xom_imps,
          serial_shops, nicolae_diamond_shop, nicolae_shop_advertising_works
          [nicolae_subvault_shop_adworks], solitary_fountain,
          minmay_misc_feat_five, minivault_25
D:4:      layout_basic, serial_undead, serial_undead_a, serial_undead_b,
          serial_undead_a, serial_undead_b, serial_undead_c, uniq_sigmund
D:5:      layout_basic, minmay_temple_entry_sparse_star, kennysheep_diamond
D:6:      layout_cave_pods
D:7:      layout_basic
D:8:      layout_cave_pools, cheibrodos_ashenzari_chains,
          mainiacjoe_overflow_24_doors, fedhas_ov_isle_minmay,
          mainiacjoe_overflow_small_starburst, uniq_psyche
D:9:      layout_rooms, minmay_lair_entry_lava, minmay_between, uniq_gastronok,
          uniq_grum, uniq_erica, uniq_harold
D:10:     layout_small_grid, nicolae_sif_muna_little_library
D:11:     layout_roguey, orc_0_dummy, minmay_misc_feat_columns,
          corexii_checkpoint_b, dk_vineyard_3
D:12:     layout_cave_pools, gauntlet_entry_generic, uniq_rupert
Temple:   eino_wide_crystal_templ
Gauntlet: gammafunk_gauntlet_77_escape_option
          [minmay_gauntlet_arena_77_chump_sandwich,
          minmay_gauntlet_arena_77_squiggly, minmay_gauntlet_arena_77_box,
          minmay_gauntlet_arena_77_double_cross,
          minmay_gauntlet_arena_77_terracotta_army, gauntlet_exit_hidden_loot]

Skill      XL: |  1  2  3  4  5  6  7  8  9 10 11 12 13 |
---------------+----------------------------------------+-----
Stealth        | 2 3 4 5 7 8 9 10 | 10.0
Dodging        | 3 4 5 6 8 10 11 | 11.8
Spellcasting   | 4 5 6 7 8 9 |  9.1
Fighting       | 4 6 7 |  7.7
Armour         | 3 4 5 |  5.4
Shields        | 3 4 5 |  5.4

Action                   |  1- 3 |  4- 6 |  7- 9 | 10-12 | 13-15 || total
-------------------------+-------+-------+-------+-------+-------++-------
Melee: Staff             |    15 |     3 |    13 |       |       ||    31
       Flail             |       |       |       |     1 |       ||     1
       Morningstar       |       |       |       |     1 |       ||     1
 Cast: Magic Dart        |    62 |    23 |     1 |       |       ||    86
       Searing Ray       |     3 |     5 |     2 |       |       ||    10
       Fulminant Prism   |       |     5 |     8 |    37 |     4 ||    54
       Iskenderun's Myst |       |     4 |     6 |    42 |    23 ||    75
       Foxfire           |       |    39 |   258 |   287 |     5 ||   589
       Summon Ice Beast  |       |       |       |     3 |     3 ||     6
Invok: Ancestor Life: Ba |       |       |     1 |       |       ||     1
  Use: Scroll            |       |       |    13 |     4 |     5 ||    22
       Potion            |       |       |       |     5 |       ||     5
Armor: Robe              |     4 |     1 |     4 |       |       ||     9
       Scale mail        |       |       |     9 |     5 |       ||    14
       Troll leather arm |       |       |       |       |     7 ||     7
Dodge: Dodged            |     4 |     9 |    42 |    36 |    13 ||   104
Block: Buckler           |       |       |       |     3 |     6 ||     9
